 Dungeon Crawl Stone Soup version 0.21.1-1-g345015f (webtiles) character file.

1676 jamsan the Summoner (level 9, -2/71 HPs)
             Began as a Barachi Summoner on June 17, 2018.
             Was an Initiate of the Shining One.
             Slain by a killer bee (9 damage)
             ... on level 8 of the Dungeon.
             The game lasted 00:54:33 (9215 turns).

jamsan the Summoner (Barachi Summoner)              Turns: 9215, Time: 00:54:34

Health: -2/71      AC:  3    Str: 12    XL:     9   Next: 1%
Magic:  9/17       EV: 14    Int: 16    God:    the Shining One [......]
Gold:   145        SH:  0    Dex: 13    Spells: 9/19 levels left

rFire    . . .     SeeInvis .   j - +0 trident
rCold    . . .     Gourm    +   (no shield)
rNeg     . . .     Faith    .   y - +1 robe {MR+}
rPois    .         Spirit   .   (no helmet)
rElec    .         Reflect  .   (no cloak)
rCorr    .         Harm     .   (no gloves)
MR       +....                  (no boots)
Stlth    +.........             h - amulet of the gourmand
HPRegen  0.21/turn              G - +2 ring of slaying
MPRegen  0.15/turn              (no ring)

@: lethally poisoned (-2 -> -3), glowing, slow
A: +LOS, swims, slowness 1, strong legs 1
a: Hop, Renounce Religion


You were on level 8 of the Dungeon.
You worshipped the Shining One.
The Shining One was noncommittal.
You were not hungry.

You visited 2 branches of the dungeon, and saw 9 of its levels.

You collected 313 gold pieces.
You spent 168 gold pieces at shops.

Inventory:

Hand Weapons
 j - a +0 trident (weapon)
 w - a cursed -2 dagger
Armour
 a - a +0 robe
 u - a +0 troll leather armour
 y - a +1 robe of magic resistance (worn)
 z - a +2 leather armour of cold resistance
 F - a +2 robe
Jewellery
 h - an amulet of the gourmand (around neck)
 k - an uncursed amulet of faith
 G - a +2 ring of slaying (left hand)
Wands
 E - a wand of paralysis (24)
 H - a wand of enslavement (7)
Scrolls
 e - a scroll of fog {unknown}
 f - 3 scrolls of amnesia
 g - 2 scrolls of identify
 i - 3 scrolls of magic mapping {unknown}
 l - a scroll of immolation {unknown}
 n - 6 scrolls of remove curse {unknown}
 s - a scroll of enchant armour {unknown}
 x - a scroll of blinking {unknown}
 B - a scroll of teleportation
 C - a scroll of noise {unknown}
 I - a scroll of fear {unknown}
Potions
 d - 2 potions of heal wounds
 m - a potion of invisibility
 o - 2 potions of agility
 p - a potion of mutation
 q - 2 potions of haste {unknown}
 r - a potion of might
 v - 6 potions of curing
Books
 b - a book of Callings

   Spells                             Type                      Level
   a - Summon Small Mammal            Summoning                    1
   b - Call Imp                       Summoning                    2
   c - Call Canine Familiar           Summoning                    3
   d - Summon Guardian Golem          Hexes/Summoning              3
   e - Summon Lightning Spire         Summoning/Air                4
   f - Summon Ice Beast               Ice/Summoning                4
 t - Jessica's Handbook of Necromancy
   (You found it on level 3 of the Dungeon)

   Spells                             Type                      Level
   a - Animate Skeleton               Necromancy                   1
   b - Pain                           Necromancy                   1
   The Shining One disapproves of the use of such an item.
 A - a book of Maledictions

   Spells                             Type                      Level
   a - Corona                         Hexes                        1
   b - Ensorcelled Hibernation        Hexes/Ice                    2
   c - Confuse                        Hexes                        3
   d - Tukima's Dance                 Hexes                        3
   e - Dazzling Spray                 Conjuration/Hexes            3
 D - a book of Battle

   Spells                             Type                      Level
   a - Infusion                       Charms                       1
   b - Shroud of Golubria             Charms/Translocation         2
   c - Song of Slaying                Charms                       2
   d - Spectral Weapon                Hexes/Charms                 3
   e - Regeneration                   Charms/Necromancy            3
Comestibles
 c - 9 rations


   Skills:
 + Level 6.6 Fighting
 + Level 4.6 Polearms
 - Level 4.0 Dodging
 - Level 1.7 Stealth
 + Level 5.5 Spellcasting
 + Level 8.3 Summonings


You had 9 spell levels left.
You knew the following spells:

 Your Spells              Type           Power        Failure   Level  Hunger
a - Summon Small Mammal   Summ           ####         1%          1    None
b - Call Imp              Summ           ####....     1%          2    #......
c - Call Canine Familiar  Summ           ####....     1%          3    ###....
d - Summon Lightning Spi  Summ/Air       ###.....     26%         4    ####...


Dungeon Overview and Level Annotations

Branches:
Dungeon (8/15)             Temple (1/1) D:7
   Lair: D:8-11

Altars:
Cheibriados
Dithmenos
Elyvilon
Fedhas
Gozag
Hepliaklqana
Nemelex Xobeh
Qazlal
Ru
Trog
Uskayaw
Vehumet
Wu Jian
Xom
Yredelemnul
Zin
The Shining One

Shops:
D:5 *   D:7 }

Annotations:
D:8 Maurice


Innate Abilities, Weirdness & Mutations

Shadows flee at your approach. (+LOS)
You can swim through water.
You cover ground slowly.
You can hop short distances.


Message History

The killer bee poisons you!
An ice beast comes into view.
You feel sick. The killer bee stings you!
* * * LOW HITPOINT WARNING * * *
The killer bee stings you but does no damage.
The killer bee barely misses you.
Found a wand of disintegration (13).
The killer bee barely misses you. The killer bee closely misses you.
The killer bee barely misses you.
Casting: Call Canine Familiar
Confirm with . or Enter, or press ? or * to list all spells.
You feel sick. The killer bee misses you. The killer bee barely misses you.
The killer bee stings you!
* * * LOW HITPOINT WARNING * * *
The killer bee misses you.
Your hound bites the killer bee.
The killer bee closely misses your hound.
Your hound closely misses the killer bee.
The killer bee stings you!
You die...

#. #.#..# #
#..#.#..#
#.###/.#.#..#
.......#.#..#
............#
.......Yy...#
########y####
#########y#
........@h#
###########


You could see 3 killer bees and a friendly hound.

Vanquished Creatures
  Pikel (D:7)
  An ice beast (D:7)
  A phantom (D:4)
  2 ogres
  An orc warrior (D:7)
  2 bullfrogs
  2 howler monkeys
  2 orc priests
  A centaur skeleton (D:4)
  An orc wizard (D:8)
  3 worker ants
  A hound skeleton (D:5)
  A howler monkey zombie (D:6)
  2 adders (D:4)
  A howler monkey skeleton (D:6)
  A shadow imp (D:5)
  A worm (D:3)
  4 leopard geckos
  4 orcs
  6 bats
  6 giant cockroaches
  2 goblins (D:1)
  3 hobgoblins
  4 jackals
  4 quokkas
  A frilled lizard (D:1)
  6 kobolds
  13 rats
77 creatures vanquished.

Vanquished Creatures (collateral kills)
  An orc warrior (D:6)
  Blork the orc (D:5)
  3 scorpions
  2 howler monkeys
  2 hounds
  A bullfrog skeleton (D:4)
  An orc priest (D:5)
  Jessica (D:3)
  5 iguanas
  3 orc wizards
  2 adders
  3 oozes
  An adder skeleton (D:6)
  3 worms
  2 dart slugs (D:3)
  A leopard gecko (D:2)
  19 orcs
  2 ball pythons
  A giant cockroach (D:1)
  3 hobgoblins
  9 jackals
  2 quokkas
  A bat (D:2)
  2 kobolds
  2 rats
73 creatures vanquished.

Vanquished Creatures (others)
  An orc wizard (D:4)
1 creature vanquished.

Grand Total: 151 creatures vanquished

Notes
Turn   | Place    | Note
-------+----------+-------------------------------------------
     0 | D:1      | jamsan the Barachi Summoner began the quest for the Orb.
     0 | D:1      | Reached XP level 1. HP: 13/13 MP: 3/3
   144 | D:1      | Reached skill level 5 in Summonings
   341 | D:1      | Reached skill level 1 in Fighting
   393 | D:1      | Reached XP level 2. HP: 12/21 MP: 5/5
   397 | D:1      | Learned a level 2 spell: Call Imp
  1084 | D:2      | Reached XP level 3. HP: 18/27 MP: 4/6
  1376 | D:2      | HP: 1/27 [jackal (2)]
  1384 | D:2      | HP: 1/27 [jackal (1)]
  1685 | D:2      | Learned a level 3 spell: Call Canine Familiar
  2749 | D:3      | Noticed Jessica
  2764 | D:3      | Killed Jessica
  2764 | D:3      | Reached XP level 4. HP: 17/34 MP: 0/7
  2853 | D:3      | Identified Jessica's Handbook of Necromancy
  3351 | D:3      | Found a shadowy altar of Dithmenos.
  3399 | D:3      | Reached XP level 5. HP: 41/41 MP: 9/9
  3584 | D:3      | Found an ornate altar of the Wu Jian Council.
  3803 | D:4      | Noticed a phantom
  3813 | D:4      | Reached skill level 6 in Summonings
  3859 | D:4      | Killed a phantom
  3859 | D:4      | Reached skill level 1 in Polearms
  3865 | D:4      | Learned a level 4 spell: Summon Lightning Spire
  3904 | D:4      | Reached XP level 6. HP: 47/47 MP: 7/10
  3915 | D:4      | Found a radiant altar of Vehumet.
  4022 | D:5      | Entered Level 5 of the Dungeon
  4318 | D:4      | Found an opulent altar of Gozag.
  4318 | D:4      | Found a sparkling altar of Nemelex Xobeh.
  5240 | D:5      | Reached XP level 7. HP: 49/54 MP: 7/12
  5388 | D:6      | Found a hide-covered altar of Uskayaw.
  5388 | D:6      | Noticed a dagger
  5388 | D:6      | Noticed a dagger
  5567 | D:5      | Noticed Blork the orc
  5589 | D:5      | Killed Blork the orc
  5847 | D:5      | Found Jerrur's General Store.
  5850 | D:5      | Bought a scroll of teleportation for 30 gold pieces
  5850 | D:5      | Bought a scroll of teleportation for 30 gold pieces
  6372 | D:6      | Reached skill level 7 in Summonings
  6549 | D:6      | Reached skill level 5 in Fighting
  6944 | D:6      | Reached XP level 8. HP: 47/62 MP: 2/14
  7677 | D:7      | Noticed Pikel
  7714 | D:7      | Killed Pikel
  7714 | D:7      | Reached skill level 5 in Spellcasting
  7714 | D:7      | Reached skill level 8 in Summonings
  8020 | D:7      | Found a staircase to the Ecumenical Temple.
  8024 | Temple   | Entered the Ecumenical Temple
  8140 | Temple   | Became a worshipper of the Shining One
  8699 | D:7      | Found Jeagg's Gadget Boutique.
  8725 | D:7      | Reached XP level 9. HP: 59/71 MP: 17/17
  8759 | D:7      | Bought a wand of enslavement (7) for 108 gold pieces
  9013 | D:8      | Noticed a two-headed ogre
  9065 | D:8      | Noticed Maurice
  9215 | D:8      | Slain by a killer bee

Skill      XL: |  1  2  3  4  5  6  7  8 |
---------------+-------------------------+-----
Summonings     | 5 6 7 8 |  8.3
Fighting       | 1 2 3 4 5 6 |  6.6
Polearms       | 1 2 3 4 |  4.6
Dodging        | 3 4 |  4.0
Spellcasting   | 3 4 5 |  5.5
Stealth        | |  1.7

Action                   |  1- 3 |  4- 6 |  7- 9 || total
-------------------------+-------+-------+-------++-------
Melee: Unarmed           |    41 |       |       ||    41
       Whip              |    84 |     5 |       ||    89
       Short sword       |       |    52 |       ||    52
       Trident           |       |    97 |   188 ||   285
 Cast: Summon Small Mamm |     8 |     3 |     5 ||    16
       Call Imp          |    10 |    13 |    27 ||    50
       Call Canine Famil |     3 |     9 |    30 ||    42
       Summon Lightning  |       |       |     3 ||     3
Evoke: Wand              |       |       |     3 ||     3
  Use: Scroll            |       |       |    10 ||    10
       Potion            |       |       |     1 ||     1
 Stab: Sleeping          |     2 |     4 |       ||     6
       Distracted        |       |     1 |     2 ||     3
       Paralysed         |       |       |    16 ||    16
  Eat: Chunk             |     8 |     9 |    18 ||    35
       Ration            |     1 |     1 |       ||     2
Armor: Robe              |    25 |     1 |    11 ||    37
       Troll leather arm |       |    48 |     9 ||    57
Dodge: Dodged            |   127 |   130 |    99 ||   356
